 Dungeon Crawl Stone Soup version 0.25.1-8-g42b30a86e7 (webtiles) character file.

Game seed: 11192574290575250619

607764 FabledHydra the Conqueror (level 26, 0/266 HPs)
             Began as a Minotaur Fighter on Dec 8, 2020.
             Was an Initiate of Gozag.
             Splashed by an acid blob's acid (3 damage)
             ... created by the Royal Jelly
             ... on level 4 of the Pits of Slime on Dec 12, 2020.
             The game lasted 03:29:18 (62594 turns).

FabledHydra the Conqueror (Minotaur Fighter)       Turns: 62594, Time: 03:29:19

Health: 0/266      AC: 18    Str: 41    XL:     26   Next: 67%
Magic:  13/30      EV: 19    Int: 10    God:    Gozag
Gold:   8679       SH: 35    Dex: 14    Spells: 25/25 levels left

rFire    + + +     SeeInvis .   b - +5 war axe "Cowofol" {speed, *Drain +Rage rF++}
rCold    + + +     Gourm    .   M - +6 tower shield {reflect}
rNeg     + + +     Faith    .   V - +3 crystal plate armour
rPois    +         Spirit   .   l - -2 hat of the Alchemist {rElec rPois rF+ rC+ rN+ MR+ rMut rCorr}
rElec    +         Reflect  +   H - +1 cloak "Mafeixty" {rC+ Str+2 Int+5 Stlth-}
rCorr    +         Harm     .   P - +1 pair of gloves "Ajovim" {rN+ Str+4 Slay+5}
rMut     +                      G - +2 pair of boots "Luanuj" {rN++}
MR       ++...                  y - amulet of the acrobat
Stlth    ..........             a - ring of Robustness {AC+8}
HPRegen  0.54/turn              c - ring "Kyhifu" {rC++ AC+4 Str+6 Stlth-}
MPRegen  0.22/turn

@: mighty, corroded
A: retaliatory headbutt, horns 2, blurry vision 1
}: 3/15 runes: decaying, silver, gossamer
a: Potion Petition, Call Merchant, Bribe Branch, Renounce Religion, Evoke
Berserk Rage


You were on level 4 of the Pits of Slime.
You worshipped Gozag.
Gozag was greatly pleased with you.
You were not hungry.

You visited 10 branches of the dungeon, and saw 50 of its levels.
You visited the Abyss 1 time.
You also visited: Bailey, Gauntlet, Ice Cave and Volcano.

You collected 28325 gold pieces.
You spent 8950 gold pieces at shops.
You paid 10696 gold pieces to Gozag.

Inventory:

Hand Weapons
 b - the +5 war axe "Cowofol" (weapon) {speed, *Drain +Rage rF++}
   (You bought it in a shop on level 11 of the Dungeon)

   Attacks with this weapon are significantly faster.
   It greatly protects you from fire.
   It lets you go berserk.
   It causes draining when unequipped.
Armour
 l - the -2 hat of the Alchemist (worn) {rElec rPois rF+ rC+ rN+ MR+ rMut rCorr}
   (You bought it in a shop on level 11 of the Dungeon)

   It protects you from fire.
   It protects you from cold.
   It insulates you from electricity.
   It protects you from poison.
   It protects you from negative energy.
   It affects your resistance to hostile enchantments.
   It provides partial protection from all sources of acid and corrosion.
   It protects you from mutation.
 G - the +2 pair of boots "Luanuj" (worn) {rN++}
   (You bought it in a shop on level 9 of the Dungeon)

   It greatly protects you from negative energy.
 H - the +1 cloak "Mafeixty" (worn) {rC+ Str+2 Int+5 Stlth-}
   (You bought it in a shop on level 9 of the Dungeon)

   It affects your strength (+2).
   It affects your intelligence (+5).
   It protects you from cold.
   It makes you less stealthy.
 M - a +6 tower shield of reflection (worn)
 P - the +1 pair of gloves "Ajovim" (worn) {rN+ Str+4 Slay+5}
   (You acquired it on level 2 of the Orcish Mines)

   It affects your strength (+4).
   It affects your accuracy and damage with ranged weapons and melee attacks
   (+5).
   It protects you from negative energy.
 V - a +3 crystal plate armour (worn)
Jewellery
 a - the ring of Robustness (left hand) {AC+8}
   (You took it off an orc high priest on level 2 of the Vaults)

   [ring of protection]

   It affects your AC (+8).
 c - the ring "Kyhifu" (right hand) {rC++ AC+4 Str+6 Stlth-}
   (You found it in a Gauntlet)

   [ring of protection]

   It affects your AC (+4).
   It affects your strength (+6).
   It greatly protects you from cold.
   It makes you less stealthy.
 x - the ring "Conemos" {+Fly MR+ Str+6 Int-3 Slay+4}
   (You found it on level 3 of the Depths)

   [ring of strength]

   It affects your strength (+6).
   It affects your intelligence (-3).
   It affects your accuracy and damage with ranged weapons and melee attacks
   (+4).
   It affects your resistance to hostile enchantments.
   It lets you fly.
 y - an amulet of the acrobat (around neck)
Wands
 B - a wand of acid (14)
 O - a wand of digging (9)
 Q - a wand of enslavement (4)
Scrolls
 e - 21 scrolls of remove curse
 h - 14 scrolls of amnesia
 i - 35 scrolls of teleportation
 p - 11 scrolls of fog
 w - 3 scrolls of holy word
 A - 9 scrolls of fear
 C - 4 scrolls of immolation
 D - 9 scrolls of identify
 E - 9 scrolls of blinking
 I - 3 scrolls of silence
 J - 9 scrolls of magic mapping
 L - 3 scrolls of summoning
 S - 2 scrolls of torment
Potions
 d - a potion of haste
 g - 9 potions of curing
 j - 5 potions of invisibility
 k - 3 potions of heal wounds
 m - 8 potions of mutation
 q - 9 potions of resistance
 u - 2 potions of flight
 z - 5 potions of berserk rage
 N - 6 potions of might
 U - 8 potions of ambrosia
 Y - 2 potions of cancellation
Miscellaneous
 o - 3 boxes of beasts
 t - a phial of floods
 R - a tin of tremorstones (3/3)
 T - a lightning rod (4/4)
 Z - 5 phantom mirrors
Comestibles
 f - 29 rations


   Skills:
 O Level 27 Fighting
 - Level 18.7 Axes
 - Level 0.1 Throwing
 * Level 26.7 Armour
 - Level 17.3 Dodging
 - Level 25.0 Shields
 - Level 11.2 Evocations


You had 25 spell levels left.
You didn't know any spells.
Your spell library contained the following spells:

 Spells                   Type           Power        Failure   Level  Hunger
 Animate Skeleton         Necr           N/A          80%         1    ##.....
 Apportation              Tloc           #.....       80%         1    ##.....
 Corona                   Hex            #......      80%         1    ##.....
 Foxfire                  Conj/Fire      #...         80%         1    ##.....
 Magic Dart               Conj           #...         80%         1    ##.....
 Pain                     Necr           #...         80%         1    ##.....
 Shock                    Conj/Air       #...         80%         1    ##.....
 Sting                    Tmut/Pois      #...         80%         1    ##.....
 Summon Butterflies       Summ           #.......     80%         1    ##.....
 Summon Small Mammal      Summ           #...         80%         1    ##.....
 Blink                    Tloc           N/A          90%         2    ###....
 Call Imp                 Summ           #.......     90%         2    ###....
 Corpse Rot               Necr/Air       N/A          90%         2    ###....
 Poisonous Vapours        Pois/Air       #.....       90%         2    ###....
 Searing Ray              Conj           #.....       90%         2    ###....
 Slow                     Hex            #.......     90%         2    ###....
 Sublimation of Blood     Necr           #.........   90%         2    ###....
 Swiftness                Chrm/Air       #.......     90%         2    ###....
 Conjure Flame            Conj/Fire      #.......     99%         3    ####...
 Dazzling Flash           Conj/Hex       #.....       99%         3    ####...
 Ignite Poison            Fire/Tmut/Pois #.......     99%         3    ####...
 Lesser Beckoning         Tloc           #.........   99%         3    ####...
 Mephitic Cloud           Conj/Pois/Air  #.......     99%         3    ####...
 Ozocubu's Armour         Chrm/Ice       #.......     99%         3    ####...
 Recall                   Summ/Tloc      N/A          99%         3    ####...
 Spider Form              Tmut/Pois      #.........   99%         3    ####...
 Static Discharge         Conj/Air       #.......     99%         3    ####...
 Stone Arrow              Conj/Erth      #.....       99%         3    ####...
 Tukima's Dance           Hex            #.......     99%         3    ####...
 Vampiric Draining        Necr           #.........   99%         3    ####...
 Airstrike                Air            #.........   100%        4    #####..
 Animate Dead             Necr           N/A          100%        4    #####..
 Cause Fear               Hex            #.........   100%        4    #####..
 Dispel Undead            Necr           #.......     100%        4    #####..
 Fulminant Prism          Conj/Hex       #.........   100%        4    #####..
 Ice Form                 Ice/Tmut       #.......     100%        4    #####..
 Iskenderun's Mystic Bla  Conj/Tloc      #.......     100%        4    #####..
 Leda's Liquefaction      Hex/Erth       #.........   100%        4    #####..
 Olgreb's Toxic Radiance  Pois           #.......     100%        4    #####..
 Petrify                  Tmut/Erth      #.......     100%        4    #####..
 Summon Ice Beast         Ice/Summ       #.......     100%        4    #####..
 Summon Lightning Spire   Summ/Air       #.......     100%        4    #####..
 Agony                    Necr           #.......     100%        5    ######.
 Alistair's Intoxication  Tmut/Pois      #.......     100%        5    ######.
 Excruciating Wounds      Chrm/Necr      #.........   100%        5    ######.
 Fireball                 Conj/Fire      #.........   100%        5    ######.
 Irradiate                Conj/Tmut      #.........   100%        5    ######.
 Lightning Bolt           Conj/Air       #.........   100%        5    ######.
 Metabolic Englaciation   Hex/Ice        #.........   100%        5    ######.
 Silence                  Hex/Air        #.........   100%        5    ######.
 Summon Forest            Summ/Tloc      #.........   100%        5    ######.
 Summon Mana Viper        Hex/Summ       #.......     100%        5    ######.
 Conjure Ball Lightning   Conj/Air       #.........   100%        6    #######
 Eringya's Noxious Bog    Tmut/Pois      #.........   100%        6    #######
 Freezing Cloud           Conj/Ice/Air   #.........   100%        6    #######
 Hydra Form               Tmut           #.........   100%        6    #######
 Invisibility             Hex            #.......     100%        6    #######
 Ozocubu's Refrigeration  Ice            #.........   100%        6    #######
 Simulacrum               Ice/Necr       #.........   100%        6    #######
 Statue Form              Tmut/Erth      #........    100%        6    #######
 Dragon Form              Tmut           #.........   100%        7    #######
 Ring of Flames           Chrm/Fire      #.........   100%        7    #######
 Spellforged Servitor     Conj/Summ      #.........   100%        7    #######
 Summon Hydra             Summ           #.........   100%        7    #######
 Dragon's Call            Summ           #.........   100%        9    #######
 Tornado                  Air            #.........   100%        9    #######


Dungeon Overview and Level Annotations

Branches:
Dungeon (15/15)            Temple (1/1) D:6            Lair (6/6) D:10
  Swamp (4/4) Lair:4       Spider (4/4) Lair:2        Slime (5/5) Lair:5
    Orc (2/2) D:11            Elf (3/3) Orc:2        Vaults (5/5) D:14
  Crypt (0/3) Vaults:2     Depths (5/5) D:15            Zot (0/5) Depths:5
 Bailey (visited)           IceCv (visited)         Volcano (visited)
Gauntlet (visited)

Altars:
Ashenzari
Cheibriados
Dithmenos
Elyvilon
Fedhas
Gozag
Hepliaklqana
Kikubaaqudgha
Makhleb
Nemelex Xobeh
Qazlal
Sif Muna
Uskayaw
Vehumet
Wu Jian
Xom
Yredelemnul
Zin
The Shining One
Beogh

Shops:
D:7 ?   D:9 [   D:11 ([([   D:14 *   Orc:2 %*(*}   Elf:2 }   Lair:4 *(
Vaults:4 **[[   Vaults:5 }?=:   Depths:1 !   Depths:5 *(

Portals:
Hell: Depths:1 Depths:2 Depths:3 Depths:4 Depths:5
Abyss: Depths:3 Depths:4
Pandemonium: Depths:3
Ziggurat: Depths:4

Annotations:
Lair:2 exclusion: 4 oklob plants
Slime:5 Royal Jelly


Innate Abilities, Weirdness & Mutations

You reflexively headbutt those who attack you in melee.
You have a pair of horns on your head.
Scrolls take you a little longer to read.


Message History

The death ooze hits you!
* * * LOW HITPOINT WARNING * * *
You block the death ooze's attack. The azure jelly barely misses you.
The azure jelly hits you.
* * * LOW HITPOINT WARNING * * *
The azure jelly freezes you. You resist.
* * * LOW HITPOINT WARNING * * *
The azure jelly misses you.
The azure jelly hits you but does no damage.
The acid blob spits acid at you. The splash of acid hits you. You resist.
* * * LOW HITPOINT WARNING * * *
You are splashed with acid.
You resist.
* * * LOW HITPOINT WARNING * * *
You feel much better. You block the acid blob's attack.
The acid blob hits you!!
* * * LOW HITPOINT WARNING * * *
You are splashed with acid.
You resist.
You die...
Your body crumbles into a pile of gold.

##.....#....^.....#..##
#.....................#
..........#..........##
.....<..............###### ###
^.....................##.## ###.#
.............<............###....
...#...................#.##......
.......#.......J.J..............<
....#.#........J@J.......#.......
....#.#......<.JJ..............##
.............................#.##
.#..#.#..............#..........#
#########.#.........##.........##
##...........###......#.##
#.........#...####.......#
##...........####....##.## ##
###.^.......#..###.....# ##


You could see 3 acid blobs, an azure jelly and 2 death oozes.

Vanquished Creatures
  2 ancient liches
  Mennas (Vaults:3)
  2 juggernauts
  The ghost of corvin the Brawler, a veteran TrBe of Trog (Vaults:2)
  the Lernaean hydra (Swamp:4)
  Frederick (Vaults:5)
  Bai Suzhen (Spider:3)
  Saint Roka (Depths:4)
  3 golden dragons
  the Enchantress (Depths:2)
  Arachne (Spider:3)
  5 tentacled monstrosities
  Asterion (Spider:3)
  3 deep elf blademasters
  6 liches
  4 quicksilver dragons
  5 titans (Vaults:5)
  20 acid blobs
  2 deep elf master archers (Elf:3)
  Frances (Swamp:2)
  7 sphinxes
  Kirke (Elf:1)
  A tentacled starspawn (Abyss:2)
  3 shadow dragons
  2 storm dragons (Vaults:5)
  Donald (Elf:3)
  A thorn hunter (Swamp:3)
  4 tengu reavers
  A revenant (Vaults:2)
  A draconian knight (Depths:5)
  10 fire giants
  The ghost of oper the Destroyer, an adept DsFE of Vehumet (Elf:2)
  8 deep elf sorcerers
  An iron dragon (Depths:2)
  8 azure jellies
  11 frost giants
  3 ghost moths (Spider:4)
  4 orc warlords
  A balrug (Abyss:2)
  13 vault wardens
  2 draconian stormcallers (Depths:5)
  3 deep elf elementalists
  6 emperor scorpions
  Aizul (Elf:1)
  10 very ugly things
  4 spriggan defenders
  15 ironheart preservers
  29 stone giants
  2 war gargoyles (Vaults:5)
  4 vampire knights
  12 deep elf demonologists
  2 green draconians (Depths:5)
  5 entropy weavers
  A lorocyproca (Depths:3)
  A purple draconian (Depths:5)
  2 black draconians (Depths:5)
  A dire elephant (D:15)
  10 deep elf annihilators
  A yellow draconian (Depths:5)
  6 spark wasps
  Azrael (Elf:1)
  A minotaur (Gauntlet)
  Snorg (Lair:4)
  16 ettins
  A merfolk javelineer (Depths:2)
  7 deep elf death magi (Elf:3)
  2 eidola (Depths:4)
  Josephine (Lair:5)
  6 death oozes
  10 fire dragons
  17 ogre magi
  6 deep elf high priests
  7 yaktaur captains
  13 great orbs of eyes
  A merfolk impaler (Depths:2)
  A great orb of eyes (shapeshifter) (Depths:2)
  3 rakshasas
  Fannar (Orc:1)
  7 ice dragons
  7 centaur warriors
  4 ghost crabs
  2 shambling mangroves
  6 spriggan air magi
  37 vault guards
  24 hydras
  2 hell beasts
  3 catoblepae
  52 two-headed ogres
  11 alligators
  3 death knights
  2 hell hogs (Abyss:2)
  5 tengu warriors
  5 deep troll earth magi
  11 death yaks
  6 deep troll shamans
  4 thrashing horrors (Abyss:2)
  5 vampire magi
  11 spriggan berserkers
  A death scarab (Gauntlet)
  6 orc high priests
  A starcursed mass (Abyss:2)
  18 deep elf knights
  3 soul eaters
  2 iron trolls (Depths:5)
  7 spriggans
  Sonja (Orc:2)
  2 fire crabs
  3 shadow wraiths
  A golden dragon zombie (Depths:2)
  3 wretched stars (Abyss:2)
  A spectral death yak (Gauntlet)
  21 skeletal warriors
  8 hell knights
  A death drake (shapeshifter) (Vaults:3)
  A fire crab (shapeshifter) (Vaults:4)
  9 glowing orange brains
  A titan skeleton (Depths:2)
  A spectral anaconda (Depths:4)
  2 spriggan druids (Swamp:2)
  2 orange crystal statues (Depths:4)
  A spectral hydra (Depths:4)
  13 deep trolls
  An unseen horror (shapeshifter) (Depths:4)
  9 swamp dragons
  3 wizards
  7 flayed ghosts
  An unseen horror (D:9)
  A golden dragon skeleton (Depths:1)
  8 orc sorcerers
  7 deep elf archers
  11 necromancers
  17 ironbrand convokers
  13 orc knights
  A lindwurm (Volcano)
  7 harpies
  An orb spider (shapeshifter) (Depths:1)
  9 phantasmal warriors
  71 deep elf magi
  A frost giant zombie (Depths:2)
  2 manticores
  11 cyclopes
  34 ugly things
  2 salamanders (shapeshifter)
  A tengu skeleton (Vaults:3)
  2 mana vipers (Depths:4)
  5 shining eyes
  A salamander (D:15)
  A shining eye (shapeshifter) (Vaults:2)
  A fire giant zombie (Depths:2)
  25 orb spiders
  42 wolf spiders
  A moth of wrath (Spider:2)
  2 rust devils
  A worldbinder (Vaults:5)
  9 vault sentinels
  A human skeleton (Vaults:2)
  An ice statue (IceCv)
  6 black mambas
  3 elephants (Lair:6)
  2 molten gargoyles (Volcano)
  2 gargoyles
  A smoke demon (Abyss:2)
  A water nymph (shapeshifter) (Depths:5)
  2 eyes of devastation
  13 spiny frogs
  5 freezing wraiths
  A spriggan skeleton (Depths:1)
  3 rime drakes
  16 demonic crawlers
  2 komodo dragons (shapeshifter)
  5 komodo dragons
  5 tengu conjurers
  An anaconda simulacrum (Depths:4)
  2 ancient zymes (Abyss:2)
  A silent spectre (Abyss:2)
  A yaktaur skeleton (Depths:1)
  39 yaktaurs
  A hellwing (Depths:3)
  24 polar bears
  An efreet (Abyss:2)
  A wind drake (shapeshifter) (Vaults:4)
  16 trolls
  35 jumping spiders
  11 tyrant leeches
  A raiju (shapeshifter) (Vaults:3)
  Grinder (D:3)
  19 hornets
  19 blink frogs
  A dream sheep (shapeshifter) (Depths:4)
  53 slime creatures
  7 raiju
  2 spriggan zombies (Depths:2)
  6 bog bodies
  2 blink frogs (shapeshifter)
  A frost giant simulacrum (Vaults:2)
  16 hippogriffs
  A hippogriff (shapeshifter) (Vaults:5)
  An ettin skeleton (Vaults:2)
  A redback (shapeshifter) (Vaults:5)
  2 air elementals
  A large abomination (Abyss:2)
  A tarantella (shapeshifter) (Depths:2)
  74 redbacks
  A centaur simulacrum (D:15)
  54 yaks
  37 tarantellas
  2 wyverns
  16 wraiths
  A ynoxinul (Abyss:2)
  6 fire elementals
  21 water elementals
  Eustachio (D:4)
  A human (D:7)
  9 shadows
  A fire bat (shapeshifter) (Vaults:4)
  A hog (shapeshifter) (Vaults:4)
  A redback simulacrum (D:13)
  5 fire bats (Volcano)
  A golden eye (shapeshifter) (Vaults:5)
  A basilisk (shapeshifter) (Vaults:3)
  5 basilisks
  3 steam dragons (Volcano)
  5 golden eyes (Slime:4)
  5 hogs
  2 humans (shapeshifter)
  7 hungry ghosts
  2 chaos spawn (Depths:3)
  13 vampire mosquitoes
  13 wargs
  6 insubstantial wisps (Swamp:2)
  12 swamp worms
  3 acid dragons
  2 human zombies (Vaults:2)
  15 water moccasins
  A water moccasin (shapeshifter) (Vaults:4)
  13 hell hounds
  A floating eye (Depths:4)
  2 spectral spriggans (Depths:4)
  A hornet zombie (D:6)
  4 spectral trolls (Depths:4)
  19 swamp drakes
  Duvessa (D:7)
  7 porcupines
  10 black bears
  9 ice beasts
  6 sky beasts
  A necrophage (D:9)
  An ogre (shapeshifter) (Depths:1)
  45 orc warriors
  5 eyes of draining
  49 ogres
  A tengu (shapeshifter) (Depths:4)
  4 phantoms
  14 boggarts
  34 wolves
  5 small abominations (Abyss:2)
  18 centaurs
  11 crocodiles
  3 big kobolds
  A wyvern zombie (D:12)
  22 bullfrogs
  A deep troll simulacrum (Vaults:2)
  Dowan (D:7)
  3 earth elementals
  A glowing shapeshifter simulacrum (Depths:1)
  3 spectral ogres (Depths:4)
  11 scorpions
  5 killer bees
  3 spectral nagas (Depths:4)
  10 wights
  7 howler monkeys
  2 human simulacra (Vaults:3)
  7 electric eels
  6 spectral centaurs (Depths:4)
  12 crimson imps
  2 centaur zombies
  5 lava snakes (Volcano)
  4 bullfrog zombies
  5 hounds
  15 jellies
  13 orc priests
  3 centaur skeletons
  4 bullfrog skeletons
  An iron imp (Depths:3)
  23 orc wizards
  4 iguanas
  A worker ant (shapeshifter) (Depths:3)
  14 worker ants
  3 troll simulacra (Depths:4)
  A hound zombie (D:6)
  2 hound skeletons
  2 worker ant zombies
  10 adders
  4 gnolls
  5 shadow imps
  14 white imps
  An ufetubus (Abyss:2)
  3 oozes (Lair:5)
  2 adder skeletons (D:4)
  2 worms
  A dart slug (D:1)
  4 leopard geckos
  97 orcs
  A bat (D:2)
  A bat zombie (D:8)
  3 giant cockroaches
  A giant cockroach (shapeshifter) (Depths:4)
  5 goblins
  8 hobgoblins
  6 jackals
  3 quokkas
  A ball python (D:6)
  14 frilled lizards
  13 kobolds
  A leopard gecko skeleton (D:6)
  5 rats
  4 rat zombies (D:8)
  8 fungi
  5 plants
  2 starspawn tentacles (Abyss:2)
2329 creatures vanquished.

Vanquished Creatures (others)
  A yaktaur captain (Vaults:5)
  2 hydras (Swamp:4)
  An alligator (Swamp:4)
  31 dancing weapons
  A hell hog (Abyss:2)
  A titan skeleton (Depths:2)
  A wolf spider (Spider:1)
  A polar bear (Lair:5)
  A hornet (Depths:2)
  A raiju (Abyss:2)
  A spriggan (Depths:2)
  A wraith (Lair:5)
  A boggart (Depths:3)
  A wolf (IceCv)
  An orc (Depths:4)
  3 fungi
  33 plants
  2 starspawn tentacles (Abyss:2)
84 creatures vanquished.

Grand Total: 2413 creatures vanquished

Notes
Turn   | Place    | Note
-------+----------+-------------------------------------------
     0 | D:1      | FabledHydra the Minotaur Fighter began the quest for the
                  | Orb.
     0 | D:1      | Reached XP level 1. HP: 19/19 MP: 0/0
   214 | D:1      | Reached XP level 2. HP: 26/26 MP: 1/1
  1189 | D:2      | Reached XP level 3. HP: 30/31 MP: 2/2
  1348 | D:2      | Found a white marble altar of Elyvilon.
  1569 | D:2      | Found a basalt altar of Yredelemnul.
  1638 | D:3      | Noticed Grinder
  1638 | D:3      | Paralysed by Grinder for 4 turns
  1648 | D:3      | Reached skill level 5 in Axes
  1649 | D:3      | Paralysed by Grinder for 6 turns
  1819 | D:3      | Reached XP level 4. HP: 39/39 MP: 3/3
  1838 | D:3      | Killed Grinder
  1838 | D:3      | Reached XP level 5. HP: 32/45 MP: 4/4
  1838 | D:3      | Reached XP level 6. HP: 37/51 MP: 5/5
  2887 | D:4      | Reached XP level 7. HP: 57/57 MP: 6/6
  3323 | D:5      | Entered Level 5 of the Dungeon
  3323 | D:5      | Noticed Eustachio
  3344 | D:4      | Reached skill level 10 in Axes
  3357 | D:4      | Killed Eustachio
  3734 | D:5      | Reached XP level 8. HP: 60/64 MP: 7/7
  4188 | D:6      | Found a glowing silver altar of Zin.
  4217 | D:6      | Found a staircase to the Ecumenical Temple.
  4246 | Temple   | Entered the Ecumenical Temple
  4254 | Temple   | Became a worshipper of Gozag Ym Sagoz the Greedy
  4443 | D:6      | Reached XP level 9. HP: 43/70 MP: 8/8
  4633 | D:6      | Found a glowing golden altar of the Shining One.
  5104 | D:7      | Reached skill level 15 in Axes
  5598 | D:7      | Noticed Duvessa
  5598 | D:7      | Noticed Dowan
  5608 | D:7      | Killed Duvessa
  5613 | D:7      | Killed Dowan
  6058 | D:7      | Found Jiajaj's Magic Scroll Boutique.
  6062 | D:7      | Bought a scroll of magic mapping for 52 gold pieces
  6062 | D:7      | Bought a scroll of magic mapping for 52 gold pieces
  6255 | D:7      | Reached XP level 10. HP: 44/77 MP: 9/9
  7737 | D:8      | Found an ancient bone altar of Kikubaaqudgha.
  8506 | D:9      | Found a stormy altar of Qazlal.
  9832 | D:9      | Reached XP level 11. HP: 81/82 MP: 10/10
 10070 | D:10     | Entered Level 10 of the Dungeon
 10092 | D:10     | Found a flagged portal.
 10165 | Bailey   | Entered a bailey
 10307 | Bailey   | Got a smoking emerald amulet
 10312 | Bailey   | Got a clouded amber ring
 10315 | Bailey   | Identified the amulet "Ronoban" {Inacc *Drain rElec MR+
                  | Str+4} (You found it in a bailey)
 10317 | Bailey   | Identified the ring of the Morning {Wiz Str+6 Dex-5} (You
                  | found it in a bailey)
 10341 | Bailey   | Reached skill level 4 in Fighting
 10455 | Bailey   | Found a burning altar of Makhleb.
 10471 | Bailey   | Got a vibrating amber ring
 10566 | D:10     | Lost intelligence.
 10566 | D:10     | Identified the ring of Mafeupto {rN+ Str+6 Int-5 Slay+2}
                  | (You found it in a bailey)
 10771 | D:10     | Reached skill level 5 in Fighting
 10850 | D:10     | Noticed a death yak
 10850 | D:10     | Noticed a death yak
 10851 | D:10     | Noticed a death yak
 10851 | D:10     | Noticed a death yak
 10852 | D:10     | Noticed a death yak
 10919 | D:9      | Killed a death yak
 10919 | D:9      | Reached skill level 6 in Fighting
 11195 | D:9      | Bought a pair of bloodstained boots for 313 gold pieces
 11195 | D:9      | Bought a faintly humming cloak for 313 gold pieces
 11200 | D:9      | Identified the +2 pair of boots "Luanuj" {rN++} (You bought
                  | it in a shop on level 9 of the Dungeon)
 11210 | D:9      | Identified the +1 cloak "Mafeixty" {rC+ Str+2 Int+5 Stlth-}
                  | (You bought it in a shop on level 9 of the Dungeon)
 11246 | D:9      | Reached skill level 7 in Fighting
 11430 | D:9      | Killed an unseen horror
 11430 | D:9      | Reached skill level 8 in Fighting
 11640 | D:10     | Found a staircase to the Lair.
 11819 | D:10     | Got a distressingly furry cloak
 11831 | D:10     | Identified the +2 cloak of Optimism {+Blink rF- Int+7 SInv}
                  | (You found it on level 10 of the Dungeon)
 12089 | D:11     | Found Rywi's Armour Shop.
 12092 | D:11     | Found a staircase to the Orcish Mines.
 12103 | D:11     | Reached skill level 9 in Fighting
 12185 | D:11     | Bought the -2 hat of the Alchemist {rElec rPois rF+ rC+ rN+
                  | MR+ rMut rCorr} for 519 gold pieces
 12185 | D:11     | Found the -2 hat of the Alchemist {rElec rPois rF+ rC+ rN+
                  | MR+ rMut rCorr}
 12232 | Lair:1   | Entered Level 1 of the Lair of Beasts
 12291 | Lair:1   | Found a dark tunnel.
 12301 | Volcano  | Entered a volcano
 12372 | Volcano  | Reached skill level 10 in Fighting
 12763 | Volcano  | Found a bloodstained altar of Trog.
 12763 | Volcano  | Noticed a lindwurm
 12772 | Volcano  | Killed a lindwurm
 12784 | Volcano  | Reached skill level 11 in Fighting
 13025 | Volcano  | Noticed a fire dragon
 13038 | Volcano  | Killed a fire dragon
 13552 | Lair:1   | Reached skill level 12 in Fighting
 13552 | Lair:1   | Reached XP level 12. HP: 110/112 MP: 11/11
 13811 | Lair:1   | Reached skill level 13 in Fighting
 14285 | Lair:2   | Reached skill level 14 in Fighting
 14395 | Lair:2   | Found a gate leading to a gauntlet.
 14404 | Gauntlet | Entered a Gauntlet
 14404 | Gauntlet | Found a transporter.
 14404 | Gauntlet | Found a transporter.
 14404 | Gauntlet | Found a runed translucent door.
 14681 | Gauntlet | Found a runed translucent door.
 14692 | Gauntlet | Found a transporter.
 14696 | Gauntlet | Found a transporter.
 14704 | Gauntlet | Found a transporter.
 14708 | Gauntlet | Found a transporter.
 14716 | Gauntlet | Found a transporter.
 14733 | Gauntlet | Found a transporter.
 14736 | Gauntlet | Noticed a hell beast
 14748 | Gauntlet | Found a transporter.
 14752 | Gauntlet | Found a transporter.
 14754 | Gauntlet | Found a runed translucent gate.
 14754 | Gauntlet | Found a runed translucent gate.
 14754 | Gauntlet | Found a runed translucent gate.
 14760 | Gauntlet | Found a transporter.
 14764 | Gauntlet | Found a transporter.
 14818 | Gauntlet | Noticed a death scarab
 14832 | Gauntlet | Reached skill level 15 in Fighting
 14838 | Gauntlet | Killed a death scarab
 14945 | Gauntlet | Killed a hell beast
 14962 | Gauntlet | Got a flickering steel ring
 14993 | Gauntlet | Identified the ring "Kyhifu" {rC++ AC+4 Str+6 Stlth-} (You
                  | found it in a Gauntlet)
 15058 | Gauntlet | Noticed a minotaur
 15070 | Gauntlet | Killed a minotaur
 15070 | Gauntlet | Reached skill level 5 in Shields
 15113 | Gauntlet | Identified the Disquisition on Clay and Curses
 15142 | Lair:2   | Reached skill level 5 in Armour
 15637 | Lair:2   | You fall into a shaft and drop 2 floors!
 15775 | Lair:4   | Noticed Snorg
 15787 | Lair:4   | Killed Snorg
 15924 | Lair:4   | Noticed a four-headed hydra
 15939 | Lair:4   | Killed an 11-headed hydra
 15939 | Lair:4   | Reached XP level 13. HP: 70/127 MP: 12/12
 16353 | Lair:4   | Found a staircase to the Swamp.
 16967 | Lair:5   | Noticed Josephine
 16995 | Lair:5   | Killed Josephine
 17933 | Lair:2   | Reached skill level 10 in Shields
 17953 | Lair:2   | Found a glowing golden altar of the Shining One.
 18093 | Lair:2   | Found a hole to the Spider Nest.
 18924 | Lair:5   | Found a staircase to the Slime Pits.
 19014 | Lair:6   | Entered Level 6 of the Lair of Beasts
 19719 | Lair:6   | Got a shimmering chain mail
 19729 | Lair:6   | Identified the cursed +1 chain mail of an ice cave {rPois
                  | rC- rN+++ Dex+2} (You found it on level 6 of the Lair of
                  | Beasts)
 19974 | Lair:6   | Reached XP level 14. HP: 118/135 MP: 13/13
 20122 | Lair:6   | Reached skill level 10 in Armour
 21532 | D:11     | Found a snail-covered altar of Cheibriados.
 21535 | D:11     | Found Cheibriados's Comfort Zone.
 22676 | D:13     | Noticed a fire giant
 22684 | D:13     | Killed a fire giant
 22684 | D:13     | Reached skill level 15 in Shields
 23144 | D:14     | Found Gozag's Platinum Reserve.
 23192 | D:14     | Found an opulent altar of Gozag.
 23302 | D:14     | Found a frozen archway.
 23345 | IceCv    | Entered an ice cave
 23439 | IceCv    | Reached XP level 15. HP: 140/141 MP: 14/14
 23844 | IceCv    | Noticed a frost giant
 23852 | IceCv    | Killed a frost giant
 24317 | IceCv    | Identified a scroll of acquirement
 24319 | IceCv    | Acquired a manual of Dodging
 24347 | D:14     | Reached skill level 1 in Dodging
 24612 | D:14     | Reached skill level 5 in Dodging
 24700 | D:14     | Found a gate to the Vaults.
 24799 | D:14     | Found a white marble altar of Elyvilon.
 25068 | D:15     | Entered Level 15 of the Dungeon
 25075 | D:15     | Found a hazy altar of Hepliaklqana.
 25140 | D:15     | Reached skill level 10 in Dodging
 25456 | D:15     | Found a staircase to the Depths.
 26124 | D:9      | Bought a pair of embroidered gloves for 247 gold pieces
 26158 | Orc:1    | Entered Level 1 of the Orcish Mines
 26198 | Orc:1    | Noticed an orc warlord
 26220 | Orc:1    | Killed an orc warlord
 26230 | Orc:1    | Reached XP level 16. HP: 109/149 MP: 15/15
 26655 | Orc:1    | Found a shimmering altar of Xom.
 26904 | Orc:1    | Noticed Fannar
 26929 | Orc:1    | Killed Fannar
 27073 | Orc:2    | Entered Level 2 of the Orcish Mines
 27160 | Orc:2    | Found Duwigue's Gadget Shop.
 27302 | Orc:2    | Found a staircase to the Elven Halls.
 27311 | Orc:2    | Noticed Sonja
 27328 | Orc:2    | Killed Sonja
 27377 | Orc:2    | Found Gucedid's Assorted Antiques.
 27393 | Orc:2    | Found Coessab's Weapon Emporium.
 27464 | Orc:2    | Found Zatit's Assorted Antiques.
 27474 | Orc:2    | Bought a potion of heal wounds for 190 gold pieces
 27477 | Orc:2    | Found Dene's Food Shoppe.
 27490 | Orc:2    | Bought a ration for 70 gold pieces
 27490 | Orc:2    | Bought a ration for 70 gold pieces
 27490 | Orc:2    | Bought a ration for 70 gold pieces
 27490 | Orc:2    | Bought a ration for 70 gold pieces
 27490 | Orc:2    | Bought a ration for 70 gold pieces
 28114 | D:11     | Bought a steaming war axe for 280 gold pieces
 28114 | D:11     | Bought a steaming war axe for 280 gold pieces
 28136 | D:11     | Identified the +5 war axe "Cowofol" {speed, *Drain +Rage
                  | rF++} (You bought it in a shop on level 11 of the Dungeon)
 28137 | D:11     | Identified the cursed +2 war axe "Awitugue" {flame, *Noise
                  | rC++ Dex+2 Stlth+} (You bought it in a shop on level 11 of
                  | the Dungeon)
 28257 | Swamp:1  | Entered Level 1 of the Swamp
 29068 | Swamp:2  | Upgraded the game from 0.25.1-2-g60ff931df9 to
                  | 0.25.1-8-g42b30a86e7
 29177 | Swamp:2  | Noticed Frances
 29191 | Swamp:2  | Killed Frances
 30100 | Swamp:3  | Reached XP level 17. HP: 156/156 MP: 16/16
 30144 | Swamp:3  | Identified the +9 scale mail of Privacy {MR+} (You found it
                  | on level 3 of the Swamp)
 30852 | Swamp:4  | Entered Level 4 of the Swamp
 31517 | Swamp:4  | Noticed the 27-headed Lernaean hydra
 31589 | Swamp:4  | Killed the 26-headed Lernaean hydra
 32441 | Swamp:4  | Got a decaying rune of Zot
 33011 | Spider:1 | Entered Level 1 of the Spider Nest
 33402 | Spider:1 | Got a coiled platinum ring
 34717 | Spider:3 | Reached XP level 18. HP: 143/163 MP: 17/17
 34731 | Spider:3 | Noticed Bai Suzhen
 34773 | Spider:3 | Killed Bai Suzhen
 35302 | Spider:3 | Noticed Arachne
 35325 | Spider:3 | Killed Arachne
 35648 | Spider:3 | Noticed Asterion
 35657 | Spider:3 | Killed Asterion
 36111 | Spider:3 | Identified the ring of Dithmenos's Generosity {+Fly rC+
                  | Int-2 Dex+8 Stlth+} (You found it on level 1 of the Spider
                  | Nest)
 36115 | Spider:3 | Acquired a manual of Fighting
 36128 | Spider:4 | Entered Level 4 of the Spider Nest
 36778 | Spider:4 | Reached skill level 16 in Fighting
 36812 | Spider:4 | Reached skill level 17 in Fighting
 37090 | Spider:4 | Got a gossamer rune of Zot
 37418 | Lair:4   | Bought a potion of might for 40 gold pieces
 37418 | Lair:4   | Bought a potion of ambrosia for 80 gold pieces
 37560 | Orc:2    | Bought a scroll of acquirement for 1976 gold pieces
 37561 | Orc:2    | Acquired the +1 pair of gloves "Ajovim" {rN+ Str+4 Slay+5}
 37585 | Elf:1    | Entered Level 1 of the Elven Halls
 37604 | Elf:1    | Found a radiant altar of Vehumet.
 37640 | Elf:1    | Reached skill level 18 in Fighting
 37693 | Elf:1    | Noticed Azrael
 37709 | Elf:1    | Noticed Aizul
 37710 | Elf:1    | Killed Azrael
 37752 | Elf:1    | Reached skill level 19 in Fighting
 37753 | Elf:1    | Reached XP level 19. HP: 168/182 MP: 18/18
 37756 | Elf:1    | Killed Aizul
 37878 | Elf:1    | Identified the Handbook of Creation
 38065 | Elf:1    | Noticed Kirke
 38075 | Elf:1    | Killed Kirke
 38561 | Elf:2    | Reached skill level 20 in Fighting
 38619 | Elf:2    | Found a runed translucent door.
 38643 | Elf:2    | Found a runed translucent door.
 38721 | Elf:2    | Found Ucegenekh's Gadget Emporium.
 38839 | Elf:2    | Found a runed translucent gate.
 38839 | Elf:2    | Found a runed translucent gate.
 38841 | Elf:2    | Found a runed translucent gate.
 38843 | Elf:2    | Noticed oper's ghost (adept DsFE)
 38852 | Elf:2    | Killed oper's ghost
 39359 | Elf:2    | Reached skill level 21 in Fighting
 39760 | Elf:3    | Entered Level 3 of the Elven Halls
 39956 | Elf:3    | Noticed a Brimstone Fiend
 40112 | Elf:3    | Reached skill level 22 in Fighting
 40328 | Elf:3    | Noticed Donald
 40338 | Elf:3    | Killed Donald
 40473 | Elf:3    | Noticed a Tzitzimitl
 41028 | Elf:3    | Identified the ring "Pijourige" {*Contam rF+ rC+ MR+}
 41268 | Elf:3    | Identified the +2 helmet "Zocus" {+Inv rCorr Slay+2} (You
                  | found it on level 3 of the Elven Halls)
 41334 | Elf:3    | Identified the +4 battleaxe "Grim Tooth" {vorpal, *Slow
                  | rPois Str+2 Dex+7}
 41334 | Elf:3    | Identified the ring "Tuentoylli" {rF+ MP+9}
 41344 | Elf:3    | Reached XP level 20. HP: 202/202 MP: 19/19
 41451 | Elf:3    | Reached skill level 23 in Fighting
 41481 | Elf:3    | Identified the +3 ring mail of the Great Game {rPois rCorr}
 41554 | Elf:3    | Identified Spellcraft in Simple Steps
 41578 | Elf:3    | Identified the +0 scale mail of Ytron {rC+} (You found it
                  | on level 3 of the Elven Halls)
 41888 | D:7      | Bought a scroll of identify for 30 gold pieces
 41894 | D:7      | Bought a scroll of enchant armour for 112 gold pieces
 42078 | Vaults:1 | Entered Level 1 of the Vaults
 42548 | Vaults:1 | Reached skill level 15 in Armour
 43812 | Vaults:2 | Found a runed translucent gate.
 43812 | Vaults:2 | Found a runed translucent gate.
 43812 | Vaults:2 | Found a runed translucent gate.
 43812 | Vaults:2 | Identified the +4 eveningstar of Qocut {vamp, *Drain rPois
                  | Int+2}
 43812 | Vaults:2 | Identified the +2 plate armour "Kyacke" {*Drain rCorr Int-5
                  | Dex+8}
 43882 | Vaults:2 | Found a staircase to the Crypt.
 44302 | Vaults:2 | Identified the +7 battleaxe "Perodghao" {vamp, rF++}
 44302 | Vaults:2 | Identified the cursed +1 chain mail of the Tuna {rElec
                  | Int+7 SInv}
 44303 | Vaults:2 | Noticed corvin's ghost (veteran TrBe)
 44636 | Vaults:2 | Found a roughly hewn altar of Beogh.
 44709 | Vaults:2 | Reached XP level 21. HP: 146/211 MP: 20/20
 44715 | Vaults:2 | Killed corvin's ghost
 45111 | Vaults:3 | Noticed Mennas
 45133 | Vaults:3 | Killed Mennas
 47006 | Vaults:4 | Reached XP level 22. HP: 220/220 MP: 21/21
 47301 | Vaults:4 | Bought a potion of curing for 81 gold pieces
 47301 | Vaults:4 | Bought a shiny crystal plate armour for 2241 gold pieces
 47301 | Vaults:4 | Bought a scroll of fear for 94 gold pieces
 47301 | Vaults:4 | Bought a phantom mirror for 810 gold pieces
 47570 | Depths:1 | Entered Level 1 of the Depths
 48076 | Depths:1 | Found Oqonusext's Distillery.
 48082 | Depths:1 | Bought a potion of resistance for 200 gold pieces
 48082 | Depths:1 | Bought a potion of heal wounds for 100 gold pieces
 48082 | Depths:1 | Bought a potion of curing for 60 gold pieces
 48082 | Depths:1 | Bought a potion of flight for 60 gold pieces
 48082 | Depths:1 | Bought a potion of curing for 60 gold pieces
 48082 | Depths:1 | Bought a potion of heal wounds for 100 gold pieces
 48082 | Depths:1 | Bought a potion of heal wounds for 100 gold pieces
 48385 | Depths:1 | Found a gateway to Hell.
 49252 | Depths:2 | Noticed the Enchantress
 49326 | Depths:2 | Killed the Enchantress
 49326 | Depths:2 | Reached skill level 15 in Dodging
 49482 | Depths:2 | Found a blossoming altar of Fedhas.
 49488 | Depths:2 | Noticed a golden dragon
 49515 | Depths:2 | Killed a golden dragon
 49536 | Depths:2 | Identified the +6 great sword of Haem Geott {flame, MR+}
 49577 | Depths:2 | Reached XP level 23. HP: 150/227 MP: 22/22
 50249 | Depths:3 | Found a transporter.
 50253 | Depths:3 | Noticed a juggernaut
 50404 | Depths:3 | You fall into a shaft and drop 2 floors!
 50404 | Depths:5 | Entered Level 5 of the Depths
 50602 | Depths:5 | Found Tuze's Weapon Shoppe.
 50604 | Depths:5 | Found Corocite's General Store.
 51068 | Depths:5 | Noticed a juggernaut
 51078 | Depths:5 | Reached skill level 24 in Fighting
 51094 | Depths:5 | Killed a juggernaut
 51873 | Swamp:2  | Identified the +3 war axe "Zoloceiwn" {vorpal, Int+4} (You
                  | found it on level 2 of the Swamp)
 52749 | Depths:3 | Found a one-way gate leading to the halls of Pandemonium.
 52840 | Depths:3 | Found a transporter.
 52965 | Depths:3 | Found a one-way gate to the infinite horrors of the Abyss.
 53131 | Depths:3 | Reached skill level 25 in Fighting
 53148 | Depths:3 | Killed a juggernaut
 53325 | Depths:3 | Got a twitching steel ring
 53335 | Depths:3 | Identified the ring "Conemos" {+Fly MR+ Str+6 Int-3 Slay+4}
                  | (You found it on level 3 of the Depths)
 53336 | Depths:3 | Identified the +1 pair of gloves of Gimpiptuo {rElec SInv}
                  | (You found it on level 3 of the Depths)
 53781 | Depths:4 | Noticed Saint Roka
 53817 | Depths:4 | Killed Saint Roka
 53977 | Depths:4 | Reached skill level 26 in Fighting
 54251 | Depths:4 | Reached XP level 24. HP: 245/245 MP: 22/22
 54341 | Depths:4 | Found a gateway to a ziggurat.
 54480 | Depths:4 | Paralysed by a floating eye for 3 turns
 54489 | Depths:4 | Paralysed by a floating eye for 3 turns
 54509 | Depths:4 | Paralysed by a floating eye for 2 turns
 54518 | Depths:4 | Paralysed by a floating eye for 3 turns
 54538 | Depths:4 | Paralysed by a floating eye for 2 turns
 54548 | Depths:4 | Paralysed by a floating eye for 3 turns
 54860 | Depths:4 | Noticed an ancient lich
 54873 | Depths:4 | Killed an ancient lich
 55319 | Depths:4 | Identified Xozoih's Tome of Unholy Combat Magic
 55842 | Depths:5 | Reached skill level 27 in Fighting
 55851 | Depths:5 | Found a gate to the Realm of Zot.
 55859 | Depths:5 | Reached skill level 1 in Evocations
 56219 | Vaults:1 | Reached XP level 25. HP: 257/257 MP: 23/23
 56343 | Vaults:5 | Entered Level 5 of the Vaults
 56351 | Vaults:5 | Reached skill level 5 in Evocations
 56477 | Vaults:5 | Noticed an ancient lich
 56494 | Vaults:5 | Killed an ancient lich
 56592 | Vaults:5 | Noticed Frederick
 56612 | Vaults:5 | Reached skill level 10 in Evocations
 56620 | Vaults:5 | Killed Frederick
 56800 | Vaults:5 | Identified the Grimoire of Burning Confrontation
 56803 | Vaults:5 | Got a silver rune of Zot
 57260 | Vaults:5 | Reached XP level 26. HP: 266/266 MP: 30/30
 57336 | Vaults:5 | Cast into level 2 of the Abyss (a deep elf sorcerer)
 57843 | Vaults:5 | Escaped the Abyss
 58063 | Vaults:5 | Identified the +0 scale mail of Tion {*Corrode Int+6 Dex+5}
                  | (You found it on level 5 of the Vaults)
 58095 | Vaults:5 | Found Soveenig's Gadget Emporium.
 58455 | Vaults:5 | Found Kaulaed's Book Boutique.
 58472 | Vaults:5 | Found Rahogafe's Jewellery Shoppe.
 58501 | Vaults:5 | Found Pederov's Magic Scroll Shop.
 58555 | Vaults:5 | Bought a scroll of silence for 105 gold pieces
 58555 | Vaults:5 | Bought a scroll of enchant armour for 105 gold pieces
 59242 | Slime:1  | Entered Level 1 of the Pits of Slime
 59374 | Slime:1  | Gained mutation: Armour fits poorly on your strangely
                  | shaped body. [a shining eye]
 60963 | Slime:4  | Lost mutation: Armour fits poorly on your strangely shaped
                  | body. [a shining eye]
 61500 | Slime:4  | Gained mutation: Scrolls take you a little longer to read.
                  | [a shining eye]
 61976 | Slime:5  | Entered Level 5 of the Pits of Slime
 62016 | Slime:5  | Noticed the Royal Jelly
 62590 | Slime:5  | HP: 13/264 [acid[the Royal Jelly] (4)]
 62592 | Slime:4  | HP: 2/266 [acid[the Royal Jelly] (6)]
 62594 | Slime:4  | Splashed by an acid blob's acid

Illustrated notes

Levels and vault maps discovered:
D:1:      matt_arrival_grand_opening, layout_basic, supply_closet_lemuel
D:2:      layout_basic, marbit_many_paths, lemuel_coloured_pillars_altar
D:3:      layout_rooms, first_ration, uniq_grinder
D:4:      layout_basic
D:5:      layout_rooms, abandoned_shop, uniq_eustachio
D:6:      layout_cave_pools, nicolae_overflow_hidden_temple,
          lemuel_doored_altar, minmay_temple_entry_glass, minmay_alternating_orb
D:7:      layout_loops_ring, serial_shops, shop, grunt_livestock,
          minmay_misc_feat_alley, uniq_duvessa
D:8:      layout_cave_pools, lemuel_zombie_altar_kikubaaqudgha
D:9:      layout_loops_cross, nicolae_qazlal_style_of_elements,
          kennysheep_opposing_triangles
D:10:     layout_basic, dpeg_lair_monsters, enter_bailey_2
D:11:     layout_irregular_city, orc_david_3, minmay_shop_chei,
          skrybe_limestone_x, minmay_liquid_box
D:12:     layout_cave_pools
D:13:     layout_loops_cross, kennysheep_just_a_vault
D:14:     layout_roguey, david_vaults_5, nicolae_gozag_zags_fifth_avenue,
          portal_ice_cave_entry_imps, elyvilon_altar_5
D:15:     hangedman_depths_entry_try_elsewhere_first, layout_loops_cross,
          basic_altar, serial_park_square1 [serial_park_minivault_5x5_5],
          minmay_quadrilaterals
Temple:   nicolae_temple_x_marks_the_god
Lair:1:   layout_loops_ring, nicolae_volcano_entry_hallway, grunt_megastairs_2
Lair:2:   beast_lair_carwin_large_4, layout_regular_city, dummy_spider_entry,
          basic_altar, gauntlet_entry_generic, grunt_megastairs_1,
          infiniplex_staircase_pool_2, minmay_lair_oklob_chamber
Lair:3:   layout_long_grid
Lair:4:   layout_cave_pods, swamp_mist, grunt_megastairs_5, uniq_snorg
Lair:5:   layout_big_grid, nicolae_slime_entry_slimehenge, uniq_josephine
Lair:6:   grunt_lair_end_beastmaster, layout_regular_city, fungi_pond_lemuel,
          serial_bayou_shore_a
Swamp:1:  layout_falls_marsh, nicolae_swamp_trees_clearing,
          infiniplex_staircase_pool
Swamp:2:  layout_falls_marsh, evilmike_swamp_ruin_house_6, uniq_frances
Swamp:3:  layout_basic_swamp, evilmike_swamp_ruin_wall
Swamp:4:  swamp_old_school, layout_basic_swamp
Spider:1: layout_spider_delve
Spider:2: layout_chambers, nicolae_spider_cling_halls
Spider:3: layout_spider_delve, nicolae_orb_stairs, uniq_asterion,
          uniq_bai_suzhen, uniq_arachne
Spider:4: grunt_spider_rune_parallel
Slime:1:  nicolae_slime_pool, layout_caves
Slime:2:  layout_caves
Slime:3:  nicolae_slime_jelly_donut, layout_caves, nicolae_slime_phagocytosis
Slime:4:  layout_caves
Slime:5
Orc:1:    layout_diamond_mine, basic_altar, mumra_transporter_accident,
          nicolae_orc_lava_tube, elves_outpost_lemuel, uniq_fannar
Orc:2:    st_orc_open, layout_caves, guppyfry_orc_lava_fort, uniq_sonja
Elf:1:    eino_elf_arrival_altar, layout_gridlike, minmay_elf_demonology,
          uniq_azrael, uniq_kirke, uniq_aizul
Elf:2:    layout_gridlike, ebering_ghost_rock_garden, serial_shops, shop,
          minivault_28
Elf:3:    elf_hall_gauntlet_wide, layout_geoelf_castle,
          small_chamber_with_monster, eino_tiny_chamber, st_stairs_12,
          uniq_donald
Vaults:1: vaults_room_fancy_cross, dpeg_vaults_monster_box,
          hangedman_vaults_river_flow, nicolae_vaults_network_square,
          vaults_dpeg_diagonal, vaults_room_door_ring, vaults_room_pools,
          nicolae_vaults_gold_heap, vaults_dpeg_ring, vaults_room_pools,
          layout_vaults_omnigrid
Vaults:2: biasface_vaults_ghost_orc_armoury, vaults_room_ringed_pool,
          hangedman_vaults_snaps, st_spiral_rooms,
          minmay_crypt_entry_simple_sparse, v_misc_1, hangedman_vaults_trim,
          grunt_vaults_hallway_long, nicolae_vaults_border_crossing,
          v_pattern_4, v_misc_9, nicolae_vaults_angled_halls, layout_vaults_ring
Vaults:3: v_pattern_1, grunt_vaults_funnel, nicolae_vaults_network_s,
          nicolae_vaults_an_arrangement, grunt_vaults_diagonal,
          layout_vaults_big_room, uniq_mennas
Vaults:4: hangedman_vaults_stream, v_misc_25, ontoclasm_vaults_spin,
          hangedman_vaults_nodes, v_rooms_6, ontoclasm_vaults_ring_small,
          ontoclasm_vaults_ring_large, ontoclasm_vaults_ring_large,
          vaults_room_door_ring, hangedman_vaults_impose, layout_vaults_omnibox
Vaults:5: uniq_frederick
Depths:1: layout_basic, serial_shops, shop, grunt_mini_vestibule,
          minmay_pinched_square
Depths:2: minmay_the_grid_four_pointed_star_mashed
          [minmay_the_grid_triangle_9x9_thin_v,
          minmay_the_grid_triangle_9x9_impossible_snake,
          minmay_the_grid_triangle_9x9_shrine,
          minmay_the_grid_triangle_9x9_sparse_checkered,
          minmay_the_grid_prize_four_corners], layout_long_grid, serial_bayou,
          serial_bayou_pond_b, serial_bayou_lagoon_a, serial_bayou_pond_a,
          serial_bayou_lagoon_b, hell_entry, minmay_holes, uniq_enchantress
Depths:3: gammafunk_the_bubble [the_bubble_gammafunk_crates], layout_cave_pools,
          grunt_hell_entry_dis_grunt, rand_demon_pan_entry_3,
          kennysheep_small_spiral, marbit_kobold_abyss_entry
Depths:4: lemuel_river_lethe, hell_entry, abyss_entry, uniq_saint_roka
Depths:5: grunt_zot_entry_hairpin, layout_cave_shapes, hangedman_coc_ice_floe,
          minmay_shoptagon

Skill      XL: |  1  2  3  4  5  6  7  8  9 10 11 12 13 14 15 16 17 18 19 20 21 22 23 24 25 26 |
---------------+-------------------------------------------------------------------------------+-----
Axes           | 3 4 5 7 9 11 13 16 18 | 18.7
Fighting       | 12 15 19 22 23 26 27 | 27.0
Armour         | 5 9 12 13 18 22 23 24 26 | 26.7
Shields        | 6 12 15 17 20 23 25 | 25.0
Dodging        | 13 16 17 | 17.3
Evocations     | 1 11 | 11.2
Throwing       | |  0.1

Action                   |  1- 3 |  4- 6 |  7- 9 | 10-12 | 13-15 | 16-18 | 19-21 | 22-24 | 25-27 || total
-------------------------+-------+-------+-------+-------+-------+-------+-------+-------+-------++-------
Melee: War axe           |    81 |    75 |   367 |   703 |  1096 |  1466 |  1146 |  1253 |   730 ||  6917
       Headbutt          |     7 |    10 |    60 |   170 |   377 |   451 |   407 |   474 |   306 ||  2262
Invok: Call Merchant     |       |       |       |     1 |     2 |     2 |       |     4 |       ||     9
 Abil: Evoke Flight      |       |       |       |       |       |       |       |     7 |       ||     7
       Stop Flying       |       |       |       |       |       |       |       |     1 |       ||     1
Evoke: Wand              |       |       |       |       |       |     8 |       |       |       ||     8
  Use: Potion            |       |       |     1 |     8 |     1 |     7 |     2 |     5 |     7 ||    31
       Scroll            |       |       |    10 |    10 |    15 |     8 |    11 |     6 |     4 ||    64
 Stab: Distracted        |       |       |     1 |     6 |     8 |    16 |     9 |     4 |     8 ||    52
       Petrified         |       |       |       |       |     2 |       |       |       |       ||     2
       Held in net/web   |       |       |       |       |       |     1 |       |       |       ||     1
       Petrifying        |       |       |       |       |       |       |     1 |       |       ||     1
  Eat: Chunk             |     3 |     3 |     2 |       |       |       |       |       |       ||     8
       Ration            |       |       |     5 |    10 |    10 |    11 |     9 |     9 |     6 ||    60
Armor: Scale mail        |    38 |     5 |       |       |       |       |       |       |       ||    43
       Chain mail        |       |    28 |       |       |       |       |       |       |       ||    28
       Plate armour      |       |     8 |   199 |   460 |   303 |   438 |    70 |     1 |       ||  1479
       Crystal plate arm |       |       |       |       |       |       |       |   224 |   149 ||   373
Dodge: Dodged            |    19 |    13 |    55 |   139 |   156 |   546 |   136 |   187 |   162 ||  1413
Block: Kite shield       |    35 |    33 |   152 |   279 |       |       |       |       |       ||   499
       Tower shield      |       |       |       |    69 |   934 |  1392 |   672 |   941 |   517 ||  4525
       Reflection        |       |       |       |       |    39 |    35 |   103 |    76 |    30 ||   283
